 Dungeon Crawl Stone Soup version 0.24-a0-445-gd5110b030a (webtiles) character file.

Game seed: 14858503050423684515

1421 theanonym the Ruffian (level 8, -4/70 HPs)
             Began as a Yellow Draconian Transmuter on June 23, 2019.
             Was an Initiate of Cheibriados.
             Killed by divine providence
             ... invoked by an orc priest
              (14 damage)
             ... on level 7 of the Dungeon.
             The game lasted 00:13:27 (9615 turns).

theanonym the Ruffian (Yellow Draconian Transmuter) Turns: 9615, Time: 00:13:28

Health: -4/70      AC:  6    Str: 14    XL:     8   Next: 44%
Magic:  9/12       EV: 12    Int: 16    God:    Cheibriados [......]
Gold:   385        SH:  0    Dex: 13    Spells: 2/13 levels left

rFire    x . .     SeeInvis .     - Unarmed
rCold    + + +     Gourm    .   (shield currently unavailable)
rNeg     . . .     Faith    .   (armour unavailable)
rPois    +         Spirit   .   (helmet currently unavailable)
rElec    .         Reflect  .   (cloak currently unavailable)
rCorr    +         Harm     .   (gloves currently unavailable)
MR       .....                  (boots currently unavailable)
Stlth    +.........             l - amulet of rage
HPRegen  0.21/turn              s - ring of poison resistance
MPRegen  0.13/turn              j - ring of resist corrosion

@: about to teleport, ice-form, berserk cooldown, slowed, glowing, very slow
A: large, (spit acid), unfitting armour, AC +6
a: End Transformation, Bend Time, Renounce Religion, Evoke Berserk Rage


Innate Abilities, Weirdness & Mutations

((You can spit globs of acid.))
((Your golden yellow scales are hard. (AC +6)))
You cannot fit into any form of body armour.
((You are cold-blooded and may be slowed by cold attacks.))
((You are resistant to acid. (rCorr)))


   Skills:
 + Level 1.3 Fighting
 + Level 4.6 Dodging
 * Level 6.1 Unarmed Combat
 - Level 3.0 Spellcasting
 + Level 5.1 Transmutations
 - Level 5.0 Ice Magic


You had 2 spell levels left.
You knew the following spells:

 Your Spells              Type           Power        Failure   Level  Hunger
a - Blade Hands           Tmut           ###.......   52%         5    ######.
b - Ice Form              Ice/Tmut       ###.....     22%         4    #####..
c - Sticks to Snakes      Tmut           ###.....     3%          2    ##.....

Your spell library contained the following spells:

 Spells                   Type           Power        Failure   Level  Hunger
 Beastly Appendage        Tmut           ###...       2%          1    #......
 Summon Small Mammal      Summ           #...         19%         1    #......
 Call Imp                 Summ           #.......     28%         2    ##.....
 Spider Form              Tmut/Pois      ##........   19%         3    ###....
 Call Canine Familiar     Summ           #.......     50%         3    ###....
 Summon Guardian Golem    Hex/Summ       #.......     50%         3    ###....
 Summon Ice Beast         Ice/Summ       ##......     54%         4    #####..
 Summon Lightning Spire   Summ/Air       #.......     88%         4    #####..

Skill      XL: |  1  2  3  4  5  6  7  8 |
---------------+-------------------------+-----
Dodging        | 2 3 4 |  4.6
Transmutations | 3 4 5 |  5.1
Spellcasting   | 3 |  3.0
Unarmed Combat | 4 5 6 |  6.1
Ice Magic      | 1 2 4 5 |  5.0
Fighting       | |  1.3

Action                   |  1- 3 |  4- 6 |  7- 9 || total
-------------------------+-------+-------+-------++-------
Melee: Unarmed           |   112 |   193 |    96 ||   401
       Headbutt          |     4 |     3 |       ||     7
       Kick              |     3 |     8 |       ||    11
       Tailslap          |     6 |    21 |     6 ||    33
       Punch             |     1 |       |     1 ||     2
 Cast: Beastly Appendage |    12 |    15 |       ||    27
       Sticks to Snakes  |     1 |     6 |     2 ||     9
       Ice Form          |       |     2 |     6 ||     8
 Abil: Evoke Berserk Rag |     2 |     4 |     4 ||    10
       Breathe Acid      |       |       |     5 ||     5
Evoke: Wand              |       |       |     5 ||     5
  Use: Potion            |     2 |     2 |       ||     4
       Scroll            |     1 |    11 |     2 ||    14
 Stab: Sleeping          |     2 |     3 |       ||     5
       Distracted        |       |     1 |       ||     1
  Eat: Chunk             |     6 |    12 |     7 ||    25
       Ration            |     1 |     2 |     2 ||     5
Armor: Skin              |    25 |    29 |    39 ||    93
Dodge: Dodged            |    61 |   119 |    77 ||   257

Inventory:

Missiles
 a - 133 arrows
Jewellery
 h - an uncursed amulet of faith
 j - a ring of resist corrosion (right front paw)
 l - an amulet of rage (around neck)
 s - a ring of poison resistance (left front paw)
Wands
 p - a wand of disintegration (10)
 v - a wand of acid (9)
 w - a wand of flame (12)
Scrolls
 f - a scroll of fog
 k - a scroll of enchant armour
 n - 2 scrolls of remove curse
 q - 2 scrolls of amnesia
 r - a scroll of identify
 B - 2 scrolls of blinking
Potions
 b - a potion of degeneration {unknown}
 c - a potion of lignification
 d - a potion of berserk rage
 g - a potion of curing {unknown}
 i - a potion of mutation {unknown}
 m - a potion of flight {unknown}
 o - 2 potions of ambrosia
 u - a potion of might {unknown}
 x - a potion of invisibility
Comestibles
 e - 6 rations


You were on level 7 of the Dungeon.
You worshipped Cheibriados.
Cheibriados was noncommittal.
You were near starving.
You were a creature of crystalline ice.
You visited 2 branches of the dungeon, and saw 8 of its levels.

You collected 385 gold pieces.

Dungeon Overview and Level Annotations

Branches:
Dungeon (7/15)             Temple (1/1) D:6

Altars:
Ashenzari
Cheibriados
Dithmenos
Elyvilon
Fedhas
Gozag
Hepliaklqana
Kikubaaqudgha
Makhleb
Okawaru
Qazlal
Ru
Sif Muna
Trog
Uskayaw
Vehumet
Wu Jian
Xom
Yredelemnul
Zin
The Shining One

#.........####.#
#..............#
##.........######
..........##
.........##
#####.?## #...#
#..#.# #.##Y# #.
#)# ..


#gg ## .#oo . .o. .# .... # ..##. ... .. You could see an orc priest, 2 gnolls
and 2 orcs.

Notes
Turn   | Place    | Note
-------+----------+-------------------------------------------
     0 | D:1      | theanonym the Draconian Transmuter began the quest for the
                  | Orb.
     0 | D:1      | Reached XP level 1. HP: 16/16 MP: 3/3
   913 | D:2      | Reached skill level 2 in Dodging
   913 | D:2      | Reached XP level 2. HP: 23/23 MP: 3/5
  1023 | D:2      | HP: 9/23 [worm (10)]
  1096 | D:2      | Found a hide-covered altar of Uskayaw.
  1098 | D:2      | HP: 8/23 [worm (6)]
  1546 | D:2      | HP: 11/23 [poisoned by an adder]
  1548 | D:2      | HP: 5/23 [adder (3)]
  1559 | D:2      | Reached XP level 3. HP: 23/28 MP: 6/6
  1741 | D:2      | Learned a level 2 spell: Sticks to Snakes
  2726 | D:2      | Found a hide-covered altar of Uskayaw.
  2727 | D:2      | Found an ancient bone altar of Kikubaaqudgha.
  2939 | D:3      | HP: 14/28 [poisoned by a kobold]
  2945 | D:3      | HP: 10/28 [poisoned by a kobold]
  2951 | D:3      | HP: 8/28 [poisoned by a kobold]
  2956 | D:3      | HP: 6/28 [poisoned by a kobold]
  2964 | D:3      | HP: 5/28 [poisoned by a kobold]
  3309 | D:3      | HP: 14/28 [hobgoblin (2)]
  3468 | D:3      | Reached XP level 4. HP: 35/35 MP: 5/7
  3734 | D:3      | Found a hazy altar of Hepliaklqana.
  3805 | D:3      | HP: 17/35 [worm (9)]
  4020 | D:3      | Reached skill level 3 in Transmutations
  4094 | D:3      | HP: 17/35 [poisoned by an adder]
  4099 | D:3      | HP: 13/35 [poisoned by an adder]
  4104 | D:3      | HP: 11/35 [poisoned by an adder]
  4109 | D:3      | HP: 9/35 [poisoned by an adder]
  4116 | D:3      | HP: 8/35 [poisoned by an adder]
  4124 | D:3      | HP: 7/35 [poisoned by an adder]
  4539 | D:4      | HP: 17/35 [worker ant (8)]
  4545 | D:4      | HP: 13/35 [poisoned by a worker ant]
  4546 | D:4      | Reached skill level 3 in Spellcasting
  4546 | D:4      | Reached XP level 5. HP: 15/40 MP: 4/9
  4550 | D:4      | HP: 14/40 [poisoned by a worker ant]
  4550 | D:4      | HP: 3/40 [orc priest/divine providence (11)]
  4558 | D:3      | HP: 6/40 [poisoned by a worker ant]
  4563 | D:3      | HP: 5/40 [poisoned by a worker ant]
  5002 | D:3      | Learned a level 4 spell: Ice Form
  5185 | D:4      | Reached skill level 4 in Unarmed Combat
  5656 | D:4      | Reached skill level 3 in Dodging
  5716 | D:4      | HP: 19/40 [shadow imp/nerve-wracking pain (7)]
  5887 | D:4      | HP: 19/40 [shadow imp/nerve-wracking pain (6)]
  5892 | D:4      | HP: 13/40 [shadow imp (5)]
  6196 | D:4      | Reached skill level 1 in Ice Magic
  6202 | D:4      | HP: 30/60 [something (2)]
  6203 | D:4      | Reached XP level 6. HP: 35/47 MP: 10/10
  6413 | D:4      | HP: 15/47 [orc priest/+0 hand axe (11)]
  7064 | D:4      | Learned a level 5 spell: Blade Hands
  7083 | D:5      | Entered Level 5 of the Dungeon
  7391 | D:5      | HP: 17/47 [worker ant (7)]
  7394 | D:5      | Reached skill level 2 in Ice Magic
  7397 | D:5      | HP: 16/47 [poisoned by a worker ant]
  7405 | D:5      | HP: 16/47 [poisoned by a worker ant]
  7670 | D:5      | Found an opulent altar of Gozag.
  7798 | D:5      | Reached skill level 5 in Unarmed Combat
  7798 | D:5      | Your scales start taking on a golden yellow colour.
  7798 | D:5      | Reached XP level 7. HP: 52/52 MP: 3/11
  7798 | D:5      | Gained mutation: You are resistant to acid. (rCorr) [Yellow
                  | Draconian growth]
  7924 | D:5      | Found a deep blue altar of Sif Muna.
  7943 | D:5      | HP: 36/93 [ogre/+0 giant club (20)]
  7944 | D:5      | Reached skill level 4 in Transmutations
  7944 | D:5      | Reached skill level 3 in Ice Magic
  8267 | D:5      | Found a radiant altar of Vehumet.
  8620 | D:6      | HP: 16/62 [orc warrior/+0 war axe (16)]
  8621 | D:6      | Reached skill level 4 in Dodging
  8883 | D:6      | Reached skill level 4 in Ice Magic
  8982 | D:6      | Reached XP level 8. HP: 42/59 MP: 4/12
  9181 | D:6      | Noticed Dowan
  9181 | D:6      | Noticed Duvessa
  9189 | D:6      | Killed Dowan
  9194 | D:6      | Killed Duvessa
  9194 | D:6      | Reached skill level 5 in Transmutations
  9194 | D:6      | Reached skill level 5 in Ice Magic
  9251 | D:6      | Found a staircase to the Ecumenical Temple.
  9258 | Temple   | Entered the Ecumenical Temple
  9374 | Temple   | Became a worshipper of Cheibriados the Contemplative
  9412 | D:6      | Reached skill level 6 in Unarmed Combat
  9603 | D:7      | Was placed under penance by Cheibriados
  9612 | D:7      | HP: 43/105 [gnoll/+0 flail (11)]
  9613 | D:7      | Was forgiven by Cheibriados
  9613 | D:7      | HP: 19/70 [gnoll/+0 halberd (10)]
  9615 | D:7      | Killed from afar by an orc priest

Vanquished Creatures
  Duvessa (D:6)
  An orc warrior (D:6)
  A sky beast (D:6)
  3 ogres
  A centaur (D:5)
  A bullfrog (D:6)
  Dowan (D:6)
  3 crimson imps (D:6)
  5 orc priests
  A gnoll shaman (D:7)
  2 iguanas (D:5)
  3 orc wizards
  4 worker ants
  A hound skeleton (D:4)
  2 gnolls (D:7)
  4 adders
  A shadow imp (D:4)
  An ooze (D:2)
  An adder skeleton (D:6)
  3 worms
  A leopard gecko (D:2)
  22 orcs
  3 bats
  6 giant cockroaches
  6 goblins
  5 hobgoblins
  5 jackals
  A quokka (D:2)
  A ball python skeleton (D:4)
  6 frilled lizards
  5 kobolds
  7 rats
108 creatures vanquished.

Vanquished Creatures (collateral kills)
  A worker ant (D:4)
  An adder (D:4)
  An orc (D:4)
3 creatures vanquished.

Grand Total: 111 creatures vanquished

Table legend:
 A = Turns spent in this place as a percentage of turns spent in the entire game.
 B = Non-inter-level travel turns spent in this place as a percentage of non-inter-level travel turns spent in the entire game.
 C = Inter-level travel turns spent in this place as a percentage of turns spent in this place.
 D = Turns resting spent in this place as a percentage of non-inter-level travel turns spent in this place.
 E = Turns spent auto-exploring this place as a percentage of non-inter-level travel turns spent in this place.
 F = Non-inter-level travel turns spent in this place divided by the number of levels of this place that you've seen.
                   A       B       C       D       E      F
               +-------+-------+-------+-------+-------+----------------------
         Total | 100.0 | 100.0 |   2.9 |  42.0 |  45.9 | 1166.8
       Dungeon |  98.7 |  98.7 |   2.9 |  42.5 |  45.2 | 1316.6
        Temple |   1.3 |   1.3 |   7.8 |   0.0 |  95.8 | 118.0
               +-------+-------+-------+-------+-------+----------------------
